 Dungeon Crawl Stone Soup version 0.25-a0-719-gde951dc (webtiles) character file.

Game seed: 15910677090889740867, levelgen mode: deterministic

55 pascalblue the Chiller (level 3, 0/19 HPs)
             Began as a Deep Elf Ice Elementalist on Apr 6, 2020.
             Succumbed to an adder's poison
             ... on level 2 of the Dungeon.
             The game lasted 00:05:12 (718 turns).

pascalblue the Chiller (Deep Elf Ice Elementalist)   Turns: 718, Time: 00:05:13

Health: 0/19       AC:  2    Str:  5    XL:     3   Next: 67%
Magic:  6/10       EV: 13    Int: 20    God:
Gold:   111        SH:  0    Dex: 15    Spells: 5/9 levels left

rFire    . . .     SeeInvis .   h - +2 dagger (protect)
rCold    . . .     Gourm    .   (no shield)
rNeg     . . .     Faith    .   a - +0 robe
rPois    +         Spirit   .   (no helmet)
rElec    .         Reflect  .   (no cloak)
rCorr    .         Harm     .   (no gloves)
MR       .....                  (no boots)
Stlth    ++........             (no amulet)
HPRegen  0.06/turn              i - ring of wizardry
MPRegen  0.12/turn              j - ring of poison resistance

@: lethally poisoned (0 -> -7)
A: no striking features
a: no special abilities


You were on level 2 of the Dungeon.
You were not hungry.

You visited 1 branch of the dungeon, and saw 2 of its levels.

You collected 111 gold pieces.

Inventory:

Hand Weapons
 h - a +2 dagger of protection (weapon)
Armour
 a - a +0 robe (worn)
Jewellery
 i - a ring of wizardry (left hand)
 j - a ring of poison resistance (right hand)
Scrolls
 b - a scroll of enchant weapon {unknown}
 d - a scroll of identify {unknown}
 e - 2 scrolls of magic mapping {unknown}
 f - a scroll of enchant armour {unknown}
 g - a scroll of teleportation {unknown}
Comestibles
 c - a ration


   Skills:
 - Level 3.0 Dodging
 - Level 3.0 Stealth
 + Level 3.8 Spellcasting
 * Level 5.1 Ice Magic


You had 5 spell levels left.
You knew the following spells:

 Your Spells              Type           Power        Failure   Level  Hunger
a - Freeze                Ice            ###.         1%          1    None
b - Frozen Ramparts       Ice            ###...       1%          3    ###....

Your spell library contained the following spells:

 Spells                   Type           Power        Failure   Level  Hunger
 Ozocubu's Armour         Chrm/Ice       ##......     6%          3    ###....
 Hailstorm                Conj/Ice       ##......     17%         4    ####...
 Summon Ice Beast         Ice/Summ       ##......     17%         4    ####...


Dungeon Overview and Level Annotations

Branches:
Dungeon (2/15)

Altars:


Message History

* * * LOW HITPOINT WARNING * * *
You feel sick.
* * * LOW HITPOINT WARNING * * *
You feel sick.
* * * LOW HITPOINT WARNING * * *
You feel sick.
You aren't carrying any potions.
Okay, then.
* * * LOW HITPOINT WARNING * * *
You feel sick.
An adder comes into view.
Found a robe.
You see here a silver ring.
j - a silver ring
* * * LOW HITPOINT WARNING * * *
You feel sick.
j - a ring of poison resistance (right hand)
* * * LOW HITPOINT WARNING * * *
You feel sick.
You die...

#####..... #######
##.....
.....#####.†#...
##...#...#.)....
##........)..###.
#.....>.....## .
..######...........#
...................#
####.##@#.........##
#......#...##
##.....###..#
#.###.# ##... ≈≈≈≈
#..S ##.. .≈≈..≈##.
.. ≈≈≈ ≈≈[.


You could see an adder (wandering).

Vanquished Creatures
  2 adders (D:2)
  An ooze (D:1)
  3 dart slugs (D:1)
  A ball python (D:1)
  2 giant cockroaches
  6 goblins
  A hobgoblin (D:1)
  4 kobolds
  4 bats
  A rat (D:1)
25 creatures vanquished.

Notes
Turn   | Place    | Note
-------+----------+-------------------------------------------
     0 | D:1      | pascalblue the Deep Elf Ice Elementalist began the quest
                  | for the Orb.
     0 | D:1      | Reached XP level 1. HP: 10/10 MP: 6/6
   128 | D:1      | Reached XP level 2. HP: 11/15 MP: 6/8
   577 | D:1      | Reached XP level 3. HP: 16/19 MP: 4/9
   582 | D:1      | Learned a level 3 spell: Frozen Ramparts
   688 | D:2      | Reached skill level 5 in Ice Magic
   718 | D:2      | Succumbed to an adder's poison

Levels and vault maps discovered:
D:1:      tarquinn_simple_flora_water_a, layout_rooms, minmay_heptomino_w4
D:2:      cheibrodos_greedy_goblins, layout_rooms,
          chequers_serial_rivers_large_a, uniq_terence

Skill      XL: |  1  2  3 |
---------------+----------+-----
Stealth        | 3 |  3.0
Dodging        | 3 |  3.0
Ice Magic      | 5 |  5.1
Spellcasting   | |  3.8

Action                   || total
-------------------------++-------
Melee: Unarmed           ||     8
       Dagger            ||     1
 Cast: Freeze            ||    30
       Frozen Ramparts   ||     2
Armor: Robe              ||     9
Dodge: Dodged            ||    19

Table legend:
 A = Non-vault XP
 B = Vault XP
 C = Vault XP percentage of total XP
 D = Non-vault monster count
 E = Vault monster count
 F = Vault count percentage of total count
                 A         B        C        D         E       F
            +---------+---------+-------+---------+---------+-------
      Total |      60 |      19 |  24.1 |      18 |       7 |  28.0
            +---------+---------+-------+---------+---------+-------
        D:1 |      23 |      19 |  45.2 |      10 |       7 |  41.2
        D:2 |      37 |       0 |   0.0 |       8 |       0 |   0.0
            +---------+---------+-------+---------+---------+-------
